 Dungeon Crawl Stone Soup version 0.29-a0-565-g7a16c6de65 (webtiles) character file.

Game seed: 16256055750200630976

1001 Bruhh the Fighter (level 8, -3/92 HPs)
             Began as an Ogre Berserker on June 12, 2022.
             Was a Priest of Trog.
             Succumbed to JosephDoom's ghost's poison
             ... on level 5 of the Dungeon.
             The game lasted 00:07:10 (6332 turns).

Bruhh the Fighter (Ogre Berserker)                  Turns: 6332, Time: 00:07:11

Health: -3/92      AC:  4    Str: 24    XL:     8   Next: 20%
Magic:  8/8        EV: 10    Int:  8    God:    Trog [***...]
Gold:   322        SH:  0    Dex:  8    Spells: 7/7 levels left

rFire   . . .      SeeInvis +   y - +1 giant club
rCold   . . .      Faith    .   (shield currently unavailable)
rNeg    . . .      Spirit   .   b - +0 animal skin
rPois   .          Reflect  .   (helmet restricted)
rElec   .          Harm     .   f - +0 cloak
rCorr   .          Rampage  .   (gloves unavailable)
Will    .....                   (boots unavailable)
Stlth   +.........              (no amulet)
HPRegen 0.25/turn               o - ring of see invisible
MPRegen 0.11/turn               (no ring)

@: lethally poisoned (-3 -> -36), on berserk cooldown, hasted and slowed
A: large, unfitting armour, tough skin 1
a: Renounce Religion, Berserk, Trog's Hand


You were on level 5 of the Dungeon.
You worshipped Trog.
Trog was most pleased with you.
You visited 1 branch of the dungeon, and saw 6 of its levels.

You collected 322 gold pieces.

Inventory:

Hand Weapons
 a - a +0 mace
 g - a +2 flail of protection
 y - a +1 giant club (weapon)
Armour
 b - a +0 animal skin (worn)
 d - a scarf of shadows
 f - a +0 cloak (worn)
Jewellery
 c - the ring "Tuxyzidy" {*Corrode +Blink rElec rC++ Dex+6}
   (You found it on level 5 of the Dungeon)

   [ring of dexterity]

   Dex:       It affects your dexterity (+6).
   rC:        It greatly protects you from cold.
   rElec:     It insulates you from electricity.
   +Blink:    It lets you blink.
   *Corrode:  It may corrode you when you take damage.
 o - a ring of see invisible (left hand)
Wands
 v - a wand of flame (32)
Scrolls
 e - a scroll of summoning
 i - a scroll of teleportation
 j - 2 scrolls of poison
 k - 2 scrolls of identify
 s - 2 scrolls of fog
Potions
 h - a potion of brilliance {unknown}
 l - a potion of berserk rage {unknown}
 n - 3 potions of haste
 q - 2 potions of mutation {unknown}
 t - a potion of resistance {unknown}
 u - a potion of magic {unknown}


   Skills:
 + Level 9.4 Fighting
 + Level 6.5 Maces & Flails
 - Level 2.6 Dodging


You had 7 spell levels left.
You didn't know any spells.
Your spell library was empty.

Dungeon Overview and Level Annotations

Branches:
Dungeon (6/15)             Temple (0/1) D:4

Altars:
Cheibriados
Elyvilon
Vehumet
Xom
Zin

Shops:
D:3 (   D:5 [

Annotations:
D:5 1 runed translucent door, JosephDoom's ghost, amateur SpHu


Innate Abilities, Weirdness & Mutations

You are too large for most types of armour.
You have tough skin. (AC +1)


Message History

You miss JosephDoom's ghost.
JosephDoom's ghost is almost destroyed.
You feel extremely sick.
JosephDoom's ghost hits you but does no damage. x2
You are more poisoned.
You feel much better.
You feel extremely sick. JosephDoom's ghost closely misses you.
Okay, then.
You miss JosephDoom's ghost.
JosephDoom's ghost is almost destroyed.
You feel extremely sick.
JosephDoom's ghost hits you but does no damage.
You are more poisoned.
JosephDoom's ghost barely misses you.
You miss JosephDoom's ghost.
JosephDoom's ghost is almost destroyed.
You feel extremely sick. JosephDoom's ghost hits you.
You are more poisoned.
JosephDoom's ghost hits you but does no damage.
You are lethally poisoned!
You closely miss JosephDoom's ghost.
JosephDoom's ghost is almost destroyed.
* * * LOW HITPOINT WARNING * * *
You feel extremely sick. JosephDoom's ghost hits you.
* * * LOW HITPOINT WARNING * * *
You are more poisoned.
JosephDoom's ghost closely misses you.
Unknown command.
It was a potion of haste.
You feel yourself speed up.
* * * LOW HITPOINT WARNING * * *
You feel extremely sick.
JosephDoom's ghost hits you but does no damage.
You are more poisoned.
Unknown command.
You barely miss JosephDoom's ghost.
JosephDoom's ghost is severely damaged.
You die...

.......##...########.#...####....
......####.## #.............
......# #.# ###........##.
......# #.# ##.#.###.##. ......#
#.##### #.#.###.##.
......####.....## #.#........
#####......###..#############.##.
....#..≈≈≈≈.###..#≈≈≈≈≈≈S≈S#..##.
###....≈≈...# #.@WB≈≈≈$≈≈≈W+..##.
###....≈.## ##.#≈≈≈≈≈≈≈≈B#.....
#......# #############.....
#..##### #.#...##### #.##
#.#...##### #.# #.#........ #.#
##.##..##### #.# #......##### #.#
#..##.......


You could see JosephDoom's ghost and a giant cockroach.

Vanquished Creatures
  Eustachio (D:5)
  A water moccasin (D:6)
  A black bear (D:6)
  An ogre (D:5)
  2 scorpions
  A howler monkey (D:5)
  2 hounds
  A jelly (D:4)
  2 orc priests (D:3)
  2 iguanas (D:4)
  2 orc wizards (D:4)
  5 adders
  2 white imps
  An ufetubus (D:5)
  4 worms
  3 dart slugs
  10 orcs
  7 ball pythons
  3 bats
  5 endoplasms
  2 giant cockroaches (D:2)
  7 hobgoblins
  4 jackals
  A quokka (D:1)
  4 frilled lizards
  8 goblins
  10 kobolds
  18 rats
110 creatures vanquished.

Vanquished Creatures (others)
  18 fungi
18 creatures vanquished.

Grand Total: 128 creatures vanquished

Notes
Turn   | Place    | Note
-------+----------+-------------------------------------------
     0 | D:1      | Bruhh the Ogre Berserker began the quest for the Orb.
     0 | D:1      | Reached XP level 1. HP: 24/24 MP: 1/1
   205 | D:1      | Reached XP level 2. HP: 20/33 MP: 2/2
   882 | D:1      | Reached XP level 3. HP: 33/41 MP: 3/3
  1035 | D:1      | Found a faded altar of an unknown god.
  1239 | D:1      | Reached skill level 5 in Fighting
  1260 | D:1      | Reached ** piety under Trog
  1887 | D:2      | Reached XP level 4. HP: 48/50 MP: 4/4
  2210 | D:3      | Found a snail-covered altar of Cheibriados.
  2923 | D:3      | Reached XP level 5. HP: 54/59 MP: 5/5
  2973 | D:3      | Found a radiant altar of Vehumet.
  3089 | D:3      | Reached *** piety under Trog
  3189 | D:3      | Found Helac's Antique Weapon Emporium.
  3260 | D:3      | Reached skill level 6 in Fighting
  3913 | D:3      | Found a glowing silver altar of Zin.
  3916 | D:3      | Found a white marble altar of Elyvilon.
  3921 | D:3      | Found a shimmering altar of Xom.
  3997 | D:4      | Reached XP level 6. HP: 48/68 MP: 6/6
  4228 | D:4      | Found a staircase to the Ecumenical Temple.
  4324 | D:4      | Reached skill level 7 in Fighting
  4421 | D:4      | You fall into a shaft and drop 2 floors!
  4443 | D:6      | Noticed a black bear
  4451 | D:6      | Killed a black bear
  4452 | D:6      | Reached skill level 5 in Maces & Flails
  4458 | D:6      | Reached XP level 7. HP: 77/78 MP: 7/7
  4510 | D:6      | Reached skill level 8 in Fighting
  4555 | D:5      | Entered Level 5 of the Dungeon
  4634 | D:5      | Found a runed translucent door.
  4634 | D:5      | Noticed JosephDoom's ghost (amateur SpHu)
  4885 | D:5      | Found Tuistaar's Antique Armour Shoppe.
  5603 | D:5      | Reached skill level 9 in Fighting
  5603 | D:5      | Reached XP level 8. HP: 71/92 MP: 8/8
  5826 | D:5      | Identified the ring "Tuxyzidy" {*Corrode +Blink rElec rC++
                  | Dex+6}
  5841 | D:5      | Found a runed translucent door.
  5939 | D:5      | Noticed Eustachio
  6062 | D:5      | Killed Eustachio
  6332 | D:5      | Succumbed to JosephDoom's ghost's poison

Illustrated notes

Levels and vault maps discovered:
D:1:      shiori_arrival_maze, layout_rooms, shapermc_ecumenical_altar_gd,
          grunt_decor_cap, chequers_serial_rivers_micro_e,
          minmay_rat_gold_closets
D:2:      layout_rooms
D:3:      layout_loops_cross, amcnicky_altar_gilded,
          grunt_temple_overflow_diamond, cheibriados_altar_1, serial_shops,
          nicolae_square_shop, st_stairs_10, grunt_decor_arrowhead,
          minmay_bisected
D:4:      layout_cave_pools, minmay_temple_entry_grid
D:5:      layout_loops_ring, serial_rivers, chequers_serial_rivers_micro_b,
          chequers_serial_rivers_marsh, chequers_serial_rivers_room_b,
          chequers_serial_rivers_small_b, chequers_serial_rivers_micro_c,
          ebering_ghost_sewer_f, serial_shops, shop, uniq_eustachio
D:6:      layout_basic, serial_aquarium, aquarium_bridge_long_separate
          [aquarium_subvault_balcony, aquarium_subvault_bridge,
          aquarium_subvault_window, aquarium_subvault_wall,
          aquarium_subvault_bridge, aquarium_subvault_window],
          aquarium_bridge_island_small [aquarium_subvault_small_open,
          aquarium_subvault_wall, aquarium_subvault_bridge,
          aquarium_subvault_wall, aquarium_subvault_balcony], aquarium_window_3,
          aquarium_window_1, aquarium_window_fake, aquarium_view_2a,
          aquarium_balcony_3a, aquarium_pool_2, chequers_serial_rivers_small_b,
          grunt_decor_one_mirror, minmay_unpleasant_kobolds, uniq_menkaure,
          uniq_sigmund

Skill      XL: |  1  2  3  4  5  6  7 |
---------------+----------------------+-----
Maces & Flails | 3 4 5 6 |  6.5
Fighting       | 5 6 7 9 |  9.4
Dodging        | |  2.6

Action                   |  1- 3 |  4- 6 |  7- 9 || total
-------------------------+-------+-------+-------++-------
Melee: Mace              |   161 |   108 |       ||   269
       Flail             |       |    66 |    55 ||   121
       Giant club        |       |       |    42 ||    42
       Punch             |       |       |     1 ||     1
Invok: Berserk           |     1 |     4 |     2 ||     7
  Use: Potion            |       |     4 |     3 ||     7
       Scroll            |       |     1 |    10 ||    11
Armor: Animal skin       |    57 |    98 |    48 ||   203
       Skin              |       |    17 |       ||    17
Dodge: Dodged            |    94 |   146 |    63 ||   303

Table legend: (Time is in decaauts)
 A = Elapsed time spent in this place.
 B = Non-inter-level travel time spent in this place.
 C = Inter-level travel time spent in this place.
 D = Time resting spent in this place.
 E = Time spent auto-exploring this place.
 F = Levels seen in this place.
 G = Mean time per level.
                   A        B        C        D        E       F      G
               +--------+--------+--------+--------+--------+-----+--------+
         Total |   6482 |   6312 |    170 |    543 |   4701 |   6 | 1080.3 |
       Dungeon |   6482 |   6312 |    170 |    543 |   4701 |   6 | 1080.3 |
               +--------+--------+--------+--------+--------+-----+--------+

Top non-repeatable levels by time:
     D:1: 1745 daAuts
     D:3: 1255 daAuts
     D:5: 1226 daAuts
     D:4: 1100 daAuts
     D:2: 1013 daAuts
     D:6: 141 daAuts
